 Dungeon Crawl Stone Soup version 0.31-a0-221-gbddc013574 (webtiles) character file.

Game seed: 17393605226545584578

307 qw the Shooter (level 6, -5/37 HPs)
             Began as a Gargoyle Hexslinger on July 3, 2023.
             Was an Initiate of Okawaru.
             Slain by a goblin
             ... wielding a +0 club
             ... led by Robin
              (6 damage)
             ... on level 4 of the Dungeon.
             The game lasted 00:01:18 (2870 turns).

qw the Shooter (Gargoyle Hexslinger)                Turns: 2870, Time: 00:01:19

Health: -5/37      AC: 11    Str: 12    XL:     6   Next: 40%
Magic:  7/7        EV: 10    Int: 13    God:    Okawaru [......]
Gold:   118        SH:  0    Dex: 14    Spells: 6/7 levels left

rFire   + . .        d - +0 arbalest
rCold   . . .        (shield currently unavailable)
rNeg    + . .        f - +0 ring mail
rPois   inf          a - +0 helmet
rElec   +            (no cloak)
rCorr   .            (no gloves)
SInv    .            n - +0 pair of boots
Will    .....        (no amulet)
Stlth   +            h - ring of protection from fire
HPRegen 0.26/turn    (no ring)
MPRegen 0.10/turn

%: no passive effects
@: no status effects
A: sickness immunity, AC +4, negative energy resistance 1, electricity
resistance, torment resistance 1, petrification resistance
a: Renounce Religion


You were on level 4 of the Dungeon.
You worshipped Okawaru.
Okawaru was noncommittal.
You visited 2 branches of the dungeon, and saw 5 of its levels.

You collected 118 gold pieces.


Innate Abilities, Weirdness & Mutations

You are immune to sickness and miasma.
Your stone body is resilient. (AC +4)
You are immune to poison.
You resist negative energy. (rN+)
You are resistant to electric shocks. (rElec)
You are resistant to unholy torment.
You are immune to petrification.


   Skills:
 - Level 3.0 Fighting
 + Level 5.7 Ranged Weapons
 - Level 1.5 Armour
 - Level 1.5 Dodging
 - Level 1.0 Spellcasting
 - Level 2.6 Hexes


You had 6 spell levels left.
You knew the following spells:

 Your Spells              Type           Power      Damage    Failure   Level
a - Slow                  Hex            28%        N/A       21%         1

Your spell library contained the following spells:

 Spells                   Type           Power      Damage    Failure   Level
 Inner Flame              Hex/Fire       4%         N/A       71%         3
 Portal Projectile        Hex/Tloc       8%         N/A       71%         3
 Cause Fear               Hex            3%         N/A       90%         4

Inventory:

Hand Weapons
 d - a +0 arbalest (weapon)
Armour
 a - a +0 helmet (worn)
 f - a +0 ring mail (worn)
 n - a +0 pair of boots (worn)
Jewellery
 h - a ring of protection from fire (left hand)
Scrolls
 c - 3 scrolls of identify
 k - a scroll of teleportation
Potions
 b - a potion of heal wounds {unknown}
 e - a potion of enlightenment
 g - 2 potions of haste {unknown}
 i - a potion of mutation {unknown}
 j - a potion of might {unknown}
 l - 2 potions of curing {unknown}
 m - a potion of resistance {unknown}

Dungeon Overview and Level Annotations

Branches:
Dungeon (4/15)             Temple (1/1) D:4

Altars:
Ashenzari
Cheibriados
Dithmenos
Elyvilon
Fedhas
Hepliaklqana
Kikubaaqudgha
Nemelex Xobeh
Okawaru
Qazlal
Ru
Sif Muna
Trog
Uskayaw
Vehumet
Wu Jian
Xom
Zin
The Shining One

Shops:
D:1 (   D:2 :

Annotations:
D:4 Robin


Message History

You shoot a bolt. The bolt misses the goblin.
The goblin hits you with a +0 club. x2; The goblin closely misses you.
The goblin barely misses you.
Robin roars a battlecry!
The goblins go into a battle-frenzy!
The goblin barely misses you. The goblin hits you with a +0 club.
The goblin hits you with a +0 dagger. Robin hits you but does no damage.
The hobgoblin hits you. The goblin hits you but does no damage.
You shoot a bolt. The bolt hits the goblin.
You kill the goblin!
Okawaru accepts your kill. The goblin hits you but does no damage.
The goblin closely misses you. The goblin barely misses you.
Robin barely misses you. The goblin barely misses you.
The goblin hits you with a +0 club. The hobgoblin barely misses you.
The goblin hits you with a +0 dagger. Robin throws the goblin at you!
You shoot a bolt. The bolt hits the hobgoblin!
You kill the hobgoblin!
Okawaru accepts your kill. The goblin barely misses you.
The goblin closely misses you. The goblin hits you with a +0 club.
The goblin hits you but does no damage. Robin closely misses you.
You shoot a bolt. The bolt hits the hobgoblin!
You kill the hobgoblin!
Okawaru accepts your kill. The goblin barely misses you.
The goblin hits you with a +0 club. The goblin barely misses you.
The goblin hits you but does no damage. Robin hits you but does no damage.
The hobgoblin closely misses you. The goblin hits you but does no damage.
The goblin completely misses you. Robin closely misses you.
The goblin barely misses you. The goblin hits you but does no damage.
You shoot a bolt. The bolt closely misses the hobgoblin.
The bolt hits Robin.
Robin is moderately wounded.
The hobgoblin hits you. The goblin barely misses you.
The goblin hits you but does no damage. The goblin completely misses you.
The goblin hits you with a +0 dagger. Robin hits you but does no damage.
The hobgoblin hits you.
Robin hits you from afar with a +0 trident.
The goblin barely misses you. The goblin hits you with a +0 club.
You die...

#........>..#
#+#####'#####
####
#.##..#####+
...#
#...........
...#
#...........
...#
#.....##... #
...+ #.....#
..# ####..
##..g.##....#
.....#
#..g@).....#
.....+
.....#ggg#....#
.....#
$........g....#
.....#
..............#
.....##
####....##....#
......# #....#
....# ......#
.....# ....#
......# +......
.).# ......#


You could see Robin, a hobgoblin (strong) and 4 goblins.

Vanquished Creatures
  A howler monkey (D:4)
  Natasha (twice) (D:4)
  An orc wizard (D:2)
  12 adders
  A worm (D:2)
  3 dart slugs (D:1)
  3 orcs (D:3)
  6 endoplasms
  3 giant cockroaches (D:1)
  8 goblins
  6 hobgoblins
  2 quokkas
  10 ball pythons
  9 bats
  4 frilled lizards
  5 kobolds
  8 rats
84 creatures vanquished.

Notes
Turn   | Place    | Note
-------+----------+-------------------------------------------
     0 | D:1      | qw the Gargoyle Hexslinger began the quest for the Orb.
     0 | D:1      | Reached XP level 1. HP: 12/12 MP: 2/2
     0 | D:1      | 0 ||| qw: Version: 0.3-a-40-ge99b1a8
     0 | D:1      | 0 ||| qw: Game counter: 540
     0 | D:1      | 0 ||| qw: Melee chars always use a shield: true
     0 | D:1      | 0 ||| qw: God list: Okawaru
     0 | D:1      | 0 ||| qw: Allow faded altars: false
     0 | D:1      | 0 ||| qw: Do Orc after clearing Dungeon:15 true
     0 | D:1      | 0 ||| qw: Do second Lair branch before Depths: true
     0 | D:1      | 0 ||| qw: Lair rune preference: random
     0 | D:1      | 0 ||| qw: Goals: Normal
     0 | D:1      | 0 ||| PLANNING D:1-11
   131 | D:1      | Reached XP level 2. HP: 9/16 MP: 3/3
   194 | D:1      | Reached skill level 3 in Ranged Weapons
   357 | D:1      | Found Adghoal's Antique Weapon Shop.
   398 | D:1      | Reached XP level 3. HP: 21/21 MP: 4/4
   481 | D:1      | 481 ||| FLEEEEING.
   482 | D:1      | 482 ||| FLEEEEING.
   483 | D:1      | 483 ||| FLEEEEING.
   675 | D:1      | 675 ||| UPGRADING to +0 ring mail.
   685 | D:1      | 685 ||| DROPPING +0 robe.
   686 | D:1      | 686 ||| UPGRADING to +0 pair of boots.
   691 | D:1      | 691 ||| UPGRADING to ring of protection from fire.
   692 | D:1      | 692 ||| READING scroll labelled QAHASTR COMIREI.
   693 | D:1      | 693 ||| READING scroll labelled AGAITU NON BALOMOM.
   694 | D:1      | 694 ||| READING scroll labelled MIUKLOISELU.
   697 | D:1      | 697 ||| READING scroll labelled ZOIS FIDALLEE.
   698 | D:1      | 698 ||| READING scroll labelled ENOEWY QODEJ.
   699 | D:1      | 699 ||| DROPPING scroll of poison.
   872 | D:2      | Identified the +10 dagger "Direc" {speed, rC+ Dex+4}
   926 | D:2      | Reached skill level 1 in Armour
  1046 | D:2      | Reached XP level 4. HP: 26/26 MP: 5/5
  1049 | D:2      | Found Beahi's Book Shop.
  1409 | D:2      | 1409 ||| UPGRADING to +0 helmet.
  1414 | D:2      | 1414 ||| DROPPING +0 pair of boots of stealth.
  1415 | D:2      | 1415 ||| DROPPING ring of magical power.
  1416 | D:2      | 1416 ||| READING scroll labelled QEIQYD RYG.
  1490 | D:3      | 1490 ||| STAIRDANCE
  1498 | D:2      | Reached skill level 4 in Ranged Weapons
  1520 | D:3      | Identified the +1 chain mail "Telexam" {+Inv Dex+3}
  1521 | D:3      | Identified the +9 spear of Wifesuamiq {pain, +Blink rPois
                  | Will+ Dex-4}
  1526 | D:3      | Found a sparkling altar of Nemelex Xobeh.
  1526 | D:3      | Found a snail-covered altar of Cheibriados.
  1580 | D:3      | Reached XP level 5. HP: 30/30 MP: 6/6
  2162 | D:3      | 2162 ||| DRINKING 2 clear potions.
  2163 | D:3      | 2163 ||| DROPPING potion of attraction.
  2201 | D:4      | Noticed Natasha
  2205 | D:4      | Killed Natasha
  2206 | D:4      | Reached skill level 5 in Ranged Weapons
  2317 | D:4      | Found a staircase to the Ecumenical Temple.
  2318 | D:4      | 2318 ||| PLANNING TEMPLE
  2321 | D:4      | 2321 ||| DRINKING 2 murky sapphire potions.
  2326 | Temple   | Entered the Ecumenical Temple
  2406 | Temple   | 2406 ||| PLANNING OKAWARU WORSHIP
  2512 | Temple   | Became a worshipper of Warmaster Okawaru
  2513 | Temple   | 2513 ||| PLANNING D:1-11
  2719 | D:4      | Reached skill level 3 in Fighting
  2719 | D:4      | Reached XP level 6. HP: 37/37 MP: 7/7
  2764 | D:4      | Found a stormy altar of Qazlal.
  2808 | D:4      | Noticed Natasha
  2809 | D:4      | 2809 ||| SWAPPING to +0 arbalest.
  2813 | D:4      | Killed Natasha
  2814 | D:4      | 2814 ||| DROPPING +2 sling.
  2848 | D:4      | Found a sacrificial altar of Ru.
  2859 | D:4      | Noticed Robin
  2870 | D:4      | HP: 7/37 [hobgoblin[Robin] (3)]
  2870 | D:4      | HP: 2/37 [hobgoblin[Robin] (2)]
  2870 | D:4      | Slain by a goblin

Levels and vault maps discovered:
D:1:      minmay_arrival_nine_rooms, layout_loops_cross, serial_shops, shop,
          minmay_fountain_box
D:2:      layout_loops_ring, serial_shops, shop, chequers_serial_rivers_room_b
D:3:      layout_loops_ring, gammafunk_temple_overflow_wave
D:4:      layout_gridville, mainiacjoe_overflow_cross_hatched,
          mainiacjoe_overflow_tiny_flanked, minmay_temple_entry_butterflies,
          minmay_snake_closets, uniq_natasha, uniq_duvessa, uniq_robin
Temple:   bh_familiar_temple

Skill      XL: |  1  2  3  4  5 |
---------------+----------------+-----
Ranged Weapons | 3 4 5 |  5.7
Fighting       | 2 3 |  3.0
Armour         | 1 |  1.5
Dodging        | |  1.5
Spellcasting   | |  1.0
Hexes          | |  2.6

Action                     |  1- 3 |  4- 6 || total
---------------------------+-------+-------++-------
   Fire: Sling             |   108 |   156 ||   264
         Arbalest          |       |    21 ||    21
    Use: Scroll            |     5 |     1 ||     6
         Potion            |       |     2 ||     2
 Armour: Robe              |     4 |       ||     4
         Ring mail         |    12 |    84 ||    96
  Dodge: Dodged            |    22 |    82 ||   104

Table legend:
 A = Non-vault XP
 B = Vault XP
 C = Vault XP percentage of total XP
 D = Non-vault monster count
 E = Vault monster count
 F = Vault count percentage of total count
                 A         B        C        D         E       F
            +---------+---------+-------+---------+---------+-------
      Total |     313 |     126 |  28.7 |      70 |      14 |  16.7
            +---------+---------+-------+---------+---------+-------
        D:1 |      49 |       0 |   0.0 |      27 |       0 |   0.0
        D:2 |     104 |       0 |   0.0 |      21 |       0 |   0.0
        D:3 |      65 |       0 |   0.0 |      17 |       0 |   0.0
        D:4 |      95 |     126 |  57.0 |       5 |      14 |  73.7
            +---------+---------+-------+---------+---------+-------
